 Dungeon Crawl Stone Soup version 0.24-a0-290-gbb66a67 (webtiles) character file.

Game seed: 9006296681706360645

436 sankara the Slasher (level 6, 0/76 HPs)
             Began as a Minotaur Berserker on May 8, 2019.
             Was a Believer of Trog.
             Slain by an orc priest
             ... wielding a +0 trident
              (3 damage)
             ... on level 4 of the Dungeon.
             The game lasted 00:11:42 (3283 turns).

sankara the Slasher (Minotaur Berserker)            Turns: 3283, Time: 00:11:43

Health: 0/76       AC:  3    Str: 27    XL:     6   Next: 68%
Magic:  5/5        EV: 13    Int:  4    God:    Trog [**....]
Gold:   232        SH:  0    Dex: 11    Spells: 5/5 levels left

rFire    . . .     SeeInvis .   a - +0 long sword
rCold    . . .     Gourm    .   (no shield)
rNeg     . . .     Faith    .   k - +0 leather armour
rPois    .         Spirit   .   (helmet restricted)
rElec    .         Reflect  .   d - scarf {repulsion}
rCorr    .         Harm     .   (no gloves)
MR       ++...                  (no boots)
Stlth    ..........             (no amulet)
HPRegen  1.22/turn              (no ring)
MPRegen  0.09/turn              (no ring)

@: berserking, regenerating, repel missiles, very quick
A: retaliatory headbutt, horns 2
a: Berserk, Trog's Hand, Renounce Religion


You were on level 4 of the Dungeon.
You worshipped Trog.
Trog was pleased with you.
You were not hungry.

You visited 2 branches of the dungeon, and saw 5 of its levels.

You collected 232 gold pieces.

Inventory:

Hand Weapons
 a - a +0 long sword (weapon)
   (You found it on level 2 of the Dungeon)
 b - a +0 hunting sling
   (You found it on level 2 of the Dungeon)
 c - a +0 dagger
   (You found it on level 1 of the Dungeon)
Missiles
 j - 17 poisoned needles
 n - 141 stones
 p - 2 tomahawks (quivered)
 q - 18 sling bullets
 s - 3 throwing nets {=f, !d}
Armour
 d - a scarf of repulsion (worn)
   (You found it on level 1 of the Dungeon)
 k - a +0 leather armour (worn)
   (You found it on level 1 of the Dungeon)
 v - a +0 ring mail of magic resistance
   (You found it on level 3 of the Dungeon)
Wands
 u - a wand of clouds (4)
   (You found it on level 2 of the Dungeon)
 w - a wand of iceblast (7)
   (You found it on level 3 of the Dungeon)
Scrolls
 e - 6 scrolls of identify
 l - 3 scrolls of enchant weapon {unknown}
 t - a scroll of fear {unknown}
 x - a scroll of immolation {unknown}
 y - a scroll of teleportation {unknown}
 z - a scroll of fog
 A - 2 scrolls of remove curse
Potions
 f - a potion of heal wounds {unknown}
 g - a potion of might {unknown}
 h - 2 potions of flight {unknown}
 i - 3 potions of degeneration {unknown}
 m - 4 potions of curing
 r - a potion of magic {unknown}
Comestibles
 o - 3 rations


   Skills:
 - Level 3.6 Fighting
 * Level 6.7 Long Blades
 + Level 2.1 Throwing
 - Level 2.4 Armour
 + Level 4.1 Dodging
 + Level 2.6 Stealth


You had 5 spell levels left.
You didn't know any spells.
Your spell library was empty.

Dungeon Overview and Level Annotations

Branches:
Dungeon (4/15)             Temple (1/1) D:4

Altars:
Ashenzari
Cheibriados
Elyvilon
Hepliaklqana
Kikubaaqudgha
Makhleb
Nemelex Xobeh
Okawaru
Qazlal
Sif Muna
Trog
Uskayaw
Vehumet
Xom
Yredelemnul
Zin
Jiyva


Innate Abilities, Weirdness & Mutations

You reflexively headbutt those who attack you in melee.
You have a pair of horns on your head.


Message History

The sling bullet closely misses the orc priest.
The orc wizard shouts!
The sling bullet hits the orc wizard.
The orc wizard is moderately wounded.
An orc comes into view. It is wielding a +0 falchion.
Your skin crawls.
You feel resistant to hostile enchantments.
You are starving!
Trog will no longer gift you ammunition.
The orc priest calls upon Beogh to heal the orc wizard.
The orc wizard's wounds heal themselves!
An orc wizard comes into view. It is wielding a +0 dagger.
Firing (i - inventory. (/) - cycle)
q - 21 sling bullets (quivered)
Press: ? - help, Shift-Dir - straight line, f/p - orc priest
Aim: an orc priest, wielding a +0 trident (severely wounded)
You shoot a sling bullet.
The sling bullet closely misses the orc wizard.
The sling bullet barely misses the orc priest.
The sling bullet closely misses the orc wizard.
Okay, then.
Firing (i - inventory. (/) - cycle)
q - 20 sling bullets (quivered)
Press: ? - help, Shift-Dir - straight line, f/p - orc priest
Aim: an orc priest, wielding a +0 trident (severely wounded)
You shoot a sling bullet.
The sling bullet barely misses the orc priest.
The orc wizard points at you and mumbles some strange words.
The puff of frost misses you.
The orc wizard mumbles some strange words.
The orc wizard flickers and vanishes!
Deactivating autopickup; reactivate with Ctrl-A.
Firing (i - inventory. (/) - cycle)
q - 19 sling bullets (quivered)
Press: ? - help, Shift-Dir - straight line, f/p - orc priest
Aim: an orc priest, wielding a +0 trident (severely wounded)
You shoot a sling bullet.
The sling bullet barely misses the orc wizard.
The sling bullet closely misses the orc priest.
The orc shouts!
The orc wizard points at you and mumbles some strange words.
The magic dart hits you!
The orc priest invokes the aid of Beogh against you.
Beogh smites you!
a - a +0 long sword (weapon)
You barely miss the orc wizard.
The orc priest mumbles some strange prayers to Beogh against you.
Beogh smites you!
The orc wizard points at you and mumbles some strange words.
You resist with almost no effort.
You closely miss the orc wizard. The orc wizard barely misses you.
You furiously retaliate!
You headbutt the orc wizard, but do no damage.
The orc wizard hits you with a +0 dagger.
You barely miss the orc wizard. Your headbutt misses the orc wizard.
The orc priest misses you.
The orc wizard hits you with a +0 dagger.
The orc wizard closely misses you.
You hit the orc wizard but do no damage.
The orc priest hits you from afar with a +0 trident.
The orc wizard misses you. You furiously retaliate!
You headbutt the orc wizard!
The orc wizard points at you and mumbles some strange words.
The magic dart hits you!
* * * LOW HITPOINT WARNING * * *
You closely miss the orc wizard.
The orc wizard is severely wounded.
The orc priest closely misses you.
The orc wizard hits you but does no damage.
The orc wizard barely misses you.
You riposte.
You closely miss the orc wizard.
Okay, then.
You eat one of the 4 rations.
That ration really hit the spot!
The orc priest hits you from afar with a +0 trident!
* * * LOW HITPOINT WARNING * * *
The orc wizard gestures wildly while chanting.
The orc wizard blinks!
The orc wizard hits you but does no damage.
A red film seems to cover your vision as you go berserk!
You feel yourself moving faster!
You feel mighty!
You feel a lot more hungry. The orc hits you with a +0 falchion.
* * * LOW HITPOINT WARNING * * *
The orc priest hits you from afar with a +0 trident!
* * * LOW HITPOINT WARNING * * *
The orc wizard closely misses you.
You closely miss the orc. The orc closely misses you.
The orc wizard casts a spell.
The orc wizard blinks!
The orc priest completely misses you.
You slice the orc wizard!!
You kill the orc wizard!
Trog accepts your kill.
Trog appreciates your killing of a magic user.
Your life force feels restored.
The orc completely misses you.
You completely miss the orc.
The orc priest hits you from afar with a +0 trident.
* * * LOW HITPOINT WARNING * * *
You slice the orc!!
You kill the orc!
Trog accepts your kill.
You feel the effects of Trog's Hand fading.
Something hits you but does no damage.
The orc priest hits you from afar with a +0 trident.
You die...

.......(.(
........(o.
#......(....
##............
##.............#
#.....o........#
#...).........#
#...@)........#
###..........#
###........#
##....
##......##
#..... ##..####
##..... #...#
#...... #...#
##......
###...##
#.......
#......#
#.......


You could see an orc priest and an orc wizard.

Vanquished Creatures
  A scorpion (D:4)
  A crimson imp (D:4)
  A bullfrog zombie (D:3)
  An orc priest (D:3)
  2 orc wizards
  Jessica (D:2)
  An iguana (D:4)
  Robin (D:3)
  3 gnolls (D:2)
  4 adders
  3 worms (D:2)
  A dart slug (D:1)
  3 leopard geckos
  9 orcs
  2 giant cockroaches
  14 goblins
  8 hobgoblins
  2 jackals (D:2)
  3 quokkas
  9 bats
  4 frilled lizards
  14 kobolds
  5 rats
93 creatures vanquished.

Vanquished Creatures (others)
  4 toadstools (D:4)
4 creatures vanquished.

Grand Total: 97 creatures vanquished

Notes
Turn   | Place    | Note
-------+----------+-------------------------------------------
     0 | D:1      | sankara the Minotaur Berserker began the quest for the Orb.
     0 | D:1      | Reached XP level 1. HP: 19/19 MP: 0/0
   567 | D:1      | Reached skill level 4 in Long Blades
   578 | D:1      | Reached XP level 2. HP: 25/26 MP: 1/1
   716 | D:2      | Noticed Jessica
   726 | D:2      | Killed Jessica
   726 | D:2      | Reached skill level 1 in Stealth
   726 | D:2      | Reached XP level 3. HP: 31/31 MP: 2/2
   809 | D:2      | Reached skill level 3 in Dodging
   822 | D:2      | Reached XP level 4. HP: 22/39 MP: 3/3
   826 | D:2      | Reached skill level 5 in Long Blades
  1004 | D:2      | Found a bloodstained altar of Trog.
  1115 | D:2      | Reached ** piety under Trog
  1222 | D:2      | Found an ancient bone altar of Kikubaaqudgha.
  1633 | D:3      | Found a snail-covered altar of Cheibriados.
  1690 | D:3      | Noticed Robin
  1703 | D:3      | Killed Robin
  1703 | D:3      | Reached XP level 5. HP: 38/45 MP: 4/4
  1768 | D:3      | Reached skill level 1 in Throwing
  1768 | D:3      | Reached skill level 2 in Stealth
  2117 | D:3      | Reached skill level 6 in Long Blades
  2398 | D:3      | HP: 11/45 [orc/+0 mace (3)]
  2400 | D:3      | HP: 5/45 [bullfrog zombie (2)]
  2402 | D:3      | Reached XP level 6. HP: 11/51 MP: 5/5
  2412 | D:3      | HP: 19/76 [orc (2)]
  2414 | D:3      | Reached *** piety under Trog
  2635 | D:3      | Found a hazy altar of Hepliaklqana.
  2780 | D:4      | Found a radiant altar of Vehumet.
  2873 | D:4      | Found a shimmering altar of Xom.
  2880 | D:4      | Reached skill level 4 in Dodging
  2882 | D:4      | Found a burning altar of Makhleb.
  3028 | D:4      | Reached skill level 2 in Throwing
  3035 | D:4      | Found a staircase to the Ecumenical Temple.
  3084 | Temple   | Entered the Ecumenical Temple
  3276 | D:4      | HP: 12/51 [orc wizard/magic dart (9)]
  3279 | D:4      | HP: 3/76 [orc priest/+0 trident (8)]
  3283 | D:4      | Slain by an orc priest

Levels and vault maps discovered:
D:1:      wander_arrival_lonely_grave, layout_loops_ring
D:2:      layout_rooms, kiku_gazebo_pond_becter, trog_hazing_becter,
          uniq_jessica
D:3:      layout_basic, nicolae_overflow_crystal_walls,
          overflow_temple_1_default, minmay_vboxes, uniq_robin
D:4:      cheibrodos_fertilizer, layout_cave_pods,
          grunt_temple_overflow_champion_of_chaos, vehumet_crystals,
          temple_pool_b, serial_shops, shop
Temple:   pf_slime_end_temple

Skill      XL: |  1  2  3  4  5  6 |
---------------+-------------------+-----
Long Blades    | 4 5 6 |  6.7
Stealth        | 1 2 |  2.6
Dodging        | 3 4 |  4.1
Throwing       | 1 2 |  2.1
Fighting       | |  3.6
Armour         | |  2.4

Action                   |  1- 3 |  4- 6 || total
-------------------------+-------+-------++-------
Melee: Falchion          |    41 |    20 ||    61
       Headbutt          |     5 |    13 ||    18
       Long sword        |       |    97 ||    97
 Fire: Hunting sling     |       |    47 ||    47
Invok: Trog's Hand       |       |     4 ||     4
       Berserk           |       |     3 ||     3
  Use: Scroll            |       |     3 ||     3
 Stab: Sleeping          |       |     1 ||     1
  Eat: Chunk             |       |     9 ||     9
       Ration            |       |     1 ||     1
Armor: Animal skin       |     3 |       ||     3
       Leather armour    |     1 |    22 ||    23
Dodge: Dodged            |    30 |    81 ||   111
       Deflected         |       |     1 ||     1
       Rpst.: Falchion   |     8 |     1 ||     9
       Long sword        |       |    16 ||    16

Table legend:
 A = Non-vault XP
 B = Vault XP
 C = Vault XP percentage of total XP
 D = Non-vault monster count
 E = Vault monster count
 F = Vault count percentage of total count
                 A         B        C        D         E       F
            +---------+---------+-------+---------+---------+-------
      Total |     480 |     143 |  23.0 |      67 |      26 |  28.0
            +---------+---------+-------+---------+---------+-------
        D:1 |      14 |       0 |   0.0 |       8 |       0 |   0.0
        D:2 |     116 |      46 |  28.4 |      29 |       7 |  19.4
        D:3 |     194 |      49 |  20.2 |      25 |      18 |  41.9
        D:4 |     156 |      48 |  23.5 |       5 |       1 |  16.7
            +---------+---------+-------+---------+---------+-------

Levels and vault maps discovered:
D:1:      wander_arrival_lonely_grave, layout_loops_ring
D:2:      layout_rooms, kiku_gazebo_pond_becter, trog_hazing_becter,
          uniq_jessica
D:3:      layout_basic, nicolae_overflow_crystal_walls,
          overflow_temple_1_default, minmay_vboxes, uniq_robin
D:4:      cheibrodos_fertilizer, layout_cave_pods,
          grunt_temple_overflow_champion_of_chaos, vehumet_crystals,
          temple_pool_b, serial_shops, shop
Temple:   pf_slime_end_temple

Table legend:
 A = Turns spent in this place as a percentage of turns spent in the entire game.
 B = Non-inter-level travel turns spent in this place as a percentage of non-inter-level travel turns spent in the entire game.
 C = Inter-level travel turns spent in this place as a percentage of turns spent in this place.
 D = Turns resting spent in this place as a percentage of non-inter-level travel turns spent in this place.
 E = Turns spent auto-exploring this place as a percentage of non-inter-level travel turns spent in this place.
 F = Non-inter-level travel turns spent in this place divided by the number of levels of this place that you've seen.
                   A       B       C       D       E      F
               +-------+-------+-------+-------+-------+----------------------
         Total | 100.0 | 100.0 |   5.9 |  12.2 |  64.4 | 617.8
       Dungeon |  95.8 |  96.3 |   5.5 |  12.7 |  63.0 | 743.5
        Temple |   4.2 |   3.7 |  16.1 |   0.0 |  98.3 | 115.0
               +-------+-------+-------+-------+-------+----------------------

Table legend:
 A = Kills in this place as a percentage of kills in entire the game.
 B = Kills by you in this place as a percentage of kills by you in the entire game.
 C = Kills by friends in this place as a percentage of kills by friends in the entire game.
 D = Other kills in this place as a percentage of other kills in the entire game.
 E = Experience gained in this place as a percentage of experience gained in the entire game.
 F = Experience gained in this place divided by the number of levels of this place that you have seen.
                   A       B       C       D       E      F
               +-------+-------+-------+-------+-------+----------------------
         Total | 100.0 | 100.0 |   N/A |   N/A | 100.0 | 124.6
       Dungeon | 100.0 | 100.0 |   N/A |   N/A | 100.0 | 155.8
               +-------+-------+-------+-------+-------+----------------------
